 Dungeon Crawl Stone Soup version 0.31-a0-339-gda1cbd555d (webtiles) character file.

Game seed: 8534514361802092734

6 senseless the Changeling (level 1, 0/15 HPs)
             Began as a Merfolk Shapeshifter on July 20, 2023.
             Slain by a goblin
             ... wielding a +0 club
              (1 damage)
             ... on level 1 of the Dungeon.
             The game lasted 00:00:23 (113 turns).

senseless the Changeling (Merfolk Shapeshifter)      Turns: 113, Time: 00:00:23

Health: 0/15       AC:  2    Str: 15    XL:     1   Next: 90%
Magic:  1/1        EV: 13    Int:  7    God:
Gold:   9          SH:  0    Dex: 14    Spells: 0/0 levels left

rFire   . .          .
                       - Unarmed
rCold   . . .        (no shield)
rNeg    . . .        a - +0 animal skin
rPois   .            (helmet currently unavailable)
rElec   .            (cloak currently unavailable)
rCorr   .            (gloves currently unavailable)
SInv    .            (boots currently unavailable)
Will    .....        (no amulet)
Stlth   +            (no ring)
HPRegen 0.22/turn    (no ring)
MPRegen 0.07/turn

%: no passive effects
@: beast-form
A: beast (slay +2), (nimble swimmer 2), mertail
a: Begin Untransformation


You were on level 1 of the Dungeon.
You were a hulking beast.
You visited 1 branch of the dungeon, and saw 1 of its levels.

You collected 9 gold pieces.

Inventory:

Armour
 a - a +0 animal skin (worn)
Talismans
 c - a beast talisman
Scrolls
 d - a scroll of identify {unknown}
 f - a scroll of immolation {unknown}
Potions
 b - a potion of lignification
 e - a potion of might {unknown}


   Skills:
 + Level 1.3 Fighting
 + Level 2.9 Dodging
 + Level 3.4 Unarmed Combat
 + Level 4.1 Shapeshifting


You couldn't memorise any spells.
You didn't know any spells.
Your spell library contained the following spells:

 Spells                   Type           Power      Damage    Failure   Level
 Magic Dart               Conj           0%         1d3       43%         1
 Searing Ray              Conj           0%         2d4       56%         2
 Fulminant Prism          Conj/Hex       0%         3d5       99%         4


Dungeon Overview and Level Annotations

Branches:
Dungeon (1/15)

Altars:


Innate Abilities, Weirdness & Mutations

You are a hulking beast.
Your limbs bulge with bestial killing power. (Slay +2)
((You are very nimble when in or above water. (Stealth+, EV+, Speed+++)))
Your lower body shifts to a powerful aquatic tail in water.


Message History

No target in view!
You now have 9 gold pieces.
Things that are here:
a +0 short sword; 5 stones You pick up a book of Conjurations and begin reading...
You add the spells Magic Dart, Searing Ray and Fulminant Prism to your library.
A goblin comes into view. It is wielding a +0 club.
The goblin shouts!
A hobgoblin comes into view. x2; A ball python comes into view.
The hobgoblin shouts!
A bat comes into view.
The ball python bites you. The ball python misses you.
You closely miss the ball python. The ball python bites you.
The ball python barely misses you.
You hit the hobgoblin but do no damage. You punch the hobgoblin.
The hobgoblin is severely wounded.
The ball python misses you. The ball python grabs you.
The ball python constricts you.
The hobgoblin hits you but does no damage.
The ball python bites you. The ball python constricts you.
The goblin hits you with a +0 club.
You escape the ball python's grasp.
The hobgoblin hits you. The bat misses you.
The goblin attacks as you move away! The goblin closely misses you.
The hobgoblin attacks as you move away! The hobgoblin hits you.
* * * LOW HITPOINT WARNING * * *
The bat misses you. The bat hits you but does no damage.
You miss the bat. The bat completely misses you. x2
The hobgoblin shouts!
You hit the bat.
The bat is moderately wounded.
The bat barely misses you.
You hit the bat.
You kill the bat!
You hit the ball python.
You kill the ball python!
You closely miss the goblin. The goblin hits you with a +0 club.
* * * LOW HITPOINT WARNING * * *
You closely miss the goblin. The goblin hits you with a +0 club.
You die...

.♣. 8## ⌠.♣♣§§
.####♣~~≈≈~... .§♣§♣ ##
.......~.~≈~~.# ..§§♣...
#.. ....~~≈~.♣# ..§§.♣
##.##.P~~.~~~P. .∩..♣
......~P~~.~.# ...⌠♣ #.
#...P~~.P.# ..⌠§♣
#g##.......# .⌠♣§♣♣# #..
#.hgg...#.# ⌠.♣♣........
####......# ♣♣...##..#.#
#.?.#### .♣##.##.##.# #...#
...#☼§☼....# #...#####
...#§§§....#######.........
...#...§...##..............
...)....)..................
...#.......##..............


You could see 2 hobgoblins and a goblin.

Vanquished Creatures
  A ball python (D:1)
  A hobgoblin (D:1)
  A kobold (D:1)
  A quokka (D:1)
  A bat (D:1)
5 creatures vanquished.

Notes
Turn   | Place    | Note
-------+----------+-------------------------------------------
     0 | D:1      | senseless the Merfolk Shapeshifter began the quest for the
                  | Orb.
     0 | D:1      | Reached XP level 1. HP: 15/15 MP: 1/1
   113 | D:1      | Slain by a goblin

Illustrated notes

Levels and vault maps discovered:
D:1:      heliophobic_arrival_enchanted_forest, layout_loops_cross,
          serial_bayou, serial_bayou_pond_b, serial_bayou_pond_e,
          serial_bayou_lake_a, serial_bayou_pond_e, serial_bayou_ford_a

Action                     || total
---------------------------++-------
  Melee: Unarmed           ||    12
         Punch             ||     1
 Armour: Animal skin       ||     2
  Dodge: Dodged            ||    10

Table legend: (Time is in decaauts)
 A = Elapsed time spent in this place.
 B = Non-inter-level travel time spent in this place.
 C = Inter-level travel time spent in this place.
 D = Time resting spent in this place.
 E = Time spent auto-exploring this place.
 F = Levels seen in this place.
 G = Mean time per level.
                   A        B        C        D        E       F      G
               +--------+--------+--------+--------+--------+-----+--------+
         Total |    112 |    112 |      0 |      0 |     76 |   1 |  112.0 |
       Dungeon |    112 |    112 |      0 |      0 |     76 |   1 |  112.0 |
               +--------+--------+--------+--------+--------+-----+--------+

Top non-repeatable levels by time:
     D:1: 112 daAuts
